 Dungeon Crawl Stone Soup version 0.31-a0-521-gc7390f8997 (webtiles) character file.

Game seed: 5206956201659705964

9 ytrimaz the Changeling (level 2, 0/21 HPs)
             Began as a Demonspawn Shapeshifter on Aug 10, 2023.
             Constricted to death by a ball python (1 damage)
             ... on level 1 of the Dungeon.
             The game lasted 00:01:01 (413 turns).

ytrimaz the Changeling (Demonspawn Shapeshifter)     Turns: 413, Time: 00:01:01

Health: 0/21       AC:  2    Str: 15    XL:     2   Next: 3%
Magic:  2/2        EV:  9    Int:  9    God:
Gold:   43         SH:  0    Dex: 13    Spells: 1/1 levels left

rFire   . .          .
                       - Unarmed
rCold   . . .        (no shield)
rNeg    . . .        a - +0 animal skin
rPois   .            (helmet currently unavailable)
rElec   .            (cloak currently unavailable)
rCorr   .            (gloves currently unavailable)
SInv    .            (boots currently unavailable)
Will    .....        (no amulet)
Stlth   +            (no ring)
HPRegen 0.23/turn    (no ring)
MPRegen 0.08/turn

%: no passive effects
@: beast-form, constricted
A: beast (slay +1), demonic magic 1
a: Begin Untransformation


You were on level 1 of the Dungeon.
You were a hulking beast.
You visited 1 branch of the dungeon, and saw 2 of its levels.

You collected 43 gold pieces.


Innate Abilities, Weirdness & Mutations

You are a hulking beast.
Your limbs bulge with bestial killing power. (Slay +1)
Spells you cast may paralyse adjacent enemies.


   Skills:
 - Level 1.0 Fighting
 + Level 2.1 Dodging
 - Level 2.6 Unarmed Combat
 + Level 2.9 Shapeshifting


You had one spell level left.
You didn't know any spells.
Your spell library contained the following spells:

 Spells                   Type           Power      Damage    Failure   Level
 Sandblast                Erth           0%         2d4       38%         1
 Passwall                 Tmut/Erth      0%         N/A       52%         2
 Stone Arrow              Conj/Erth      0%         3d7       77%         3

Inventory:

Armour
 a - a +0 animal skin (worn)
Talismans
 c - a beast talisman (active)
 d - a flux talisman
Scrolls
 e - 2 scrolls of identify {unknown}
Potions
 b - a potion of lignification

Dungeon Overview and Level Annotations

Branches:
Dungeon (2/15) Zot: 11587

Altars:

##...#
#####.###.#
##....## #.#
#.....# .#
#..#..## .
#..#.#.###.# #
####..#.#!...##
#..?>..........
#.##hS.)#.####.#
#..#.#.# #
#........#
#.........#.#
#..##.#......
#.. ..........
## ###.#......#
..?.....# ..
.....$#


You could see a ball python.


Message History

😎 HP[+5]
Your hp is fully restored (15).
You now have 43 gold pieces (gained 6).
You see here a +0 scale mail.
Key pressed, stopping explore.
There is a stone staircase leading down here.
You see here a +0 scale mail.
A ball python comes into view.
A ball python is nearby!
A ball python is nearby!
A ball python is nearby!
A ball python is nearby!
A ball python is nearby!
The ball python hisses angrily.
The ball python bites you. The ball python grabs you.
The ball python constricts you. 😕 HP[-1]
You take 1 damage, and now have 14/15 hp.
You hit the ball python.
You kill the ball python! 😎 HP[+1]
Your hp is fully restored (15).
No target in view!
Unknown command.
No target in view!
A goblin comes into view. It is wielding a +0 dagger.
A goblin is nearby!
A goblin is nearby!
The goblin shouts!
You hear an angry hiss.
A kobold comes into view. It is wielding a +0 dagger.
Found a scroll labelled QEAKHL WETIMETOO.
Found a stone staircase leading down.
A ball python comes into view.
Unknown command.
You punch the goblin!
You kill the goblin!
You see here a +0 dagger.
Unknown command.
The ball python closely misses you. The ball python grabs you.
The ball python constricts you.
The ball python bites you but does no damage.
The ball python constricts you.
You see here a +0 dagger.
You hit the ball python. Your punch misses the ball python.
The ball python barely misses you. The ball python constricts you.
The kobold throws a stone.
The stone hits you. 😕 HP[-3]
You take 3 damage, and now have 12/15 hp.
Unknown command.
You closely miss the ball python. The ball python bites you.
The ball python constricts you. 😮 HP[-3]
You take 3 damage, and now have 9/15 hp.
You are too injured to fight recklessly!
You barely miss the ball python. The ball python bites you.
The ball python constricts you.
The kobold throws a stone.
The stone hits you but does no damage. 😮 HP[-1]
You take 1 damage, and now have 8/15 hp.
You are too injured to fight recklessly!
You escape the ball python's grasp. 😮 HP[+1] Unknown command.
You barely miss the kobold. The ball python closely misses you.
The ball python barely misses you. The kobold hits you with a +0 dagger.
* * * LOW HITPOINT WARNING * * *
You are too injured to fight recklessly! 😨 HP[-3]
You take 3 damage, and now have 6/15 hp.
You hit the kobold. The ball python misses you. The ball python grabs you.
The ball python constricts you.
* * * LOW HITPOINT WARNING * * *
You barely miss the kobold.
The ball python bites you but does no damage.
The ball python constricts you.
* * * LOW HITPOINT WARNING * * *
The kobold closely misses you. 😨 HP[-2]
You take 2 damage, and now have 4/15 hp.
You hit the kobold.
You kill the kobold!
The ball python bites you.
* * * LOW HITPOINT WARNING * * *
The ball python constricts you.
You have reached level 2!
Your demonic ancestry asserts itself...
A menacing aura infuses your magic.
You escape the ball python's grasp.
Things that are here:
a +0 dagger; a stone; 😱 HP[-1] MP[+1]
You now have 21 max hp (+6).
Your mp is fully restored (2).
You completely miss the ball python. The ball python bites you.
* * * LOW HITPOINT WARNING * * *
The ball python grabs you. The ball python constricts you.
The ball python closely misses you. The ball python constricts you.
You die...

Skill      XL: |  1 |
---------------+----+-----
Dodging        | 2 |  2.1
Fighting       | |  1.0
Unarmed Combat | |  2.6
Shapeshifting  | |  2.9

Action                     || total
---------------------------++-------
  Melee: Unarmed           ||    29
 Armour: Animal skin       ||     4
  Dodge: Dodged            ||    19

Levels and vault maps discovered:
D:1:      beargit_arrival_greenhouse, layout_loops_cross,
          hellmonk_ecumenical_altar_arch_garden
D:2:      layout_loops_ring, minmay_misc_feat_diagonals

Notes
Turn   | Place    | Note
-------+----------+-------------------------------------------
     0 | D:1      | ytrimaz the Demonspawn Shapeshifter began the quest for the
                  | Orb.
     0 | D:1      | Reached XP level 1. HP: 15/15 MP: 1/1
     0 | D:1      | magus.rc [v1.9.6]
    31 | D:1      | You fall into a shaft and drop 1 floor!
   124 | D:2      | You pick up a book of Geomancy and begin reading...
   124 | D:2      | You add the spells Sandblast, Passwall and Stone Arrow to
                  | your library.
   217 | D:1      | Found a faded altar of an unknown god.
   309 | D:1      | Reached skill level 2 in Dodging
   410 | D:1      | HP: 2/15 [ball python (3)]
   411 | D:1      | Gained mutation: Spells you cast may paralyse adjacent
                  | enemies. [demonic ancestry]
   411 | D:1      | Reached XP level 2. HP: 2/21 MP: 2/2
   413 | D:1      | Constricted to death by a ball python

Vanquished Creatures
  2 ball pythons
  A goblin (D:1)
  A quokka (D:1)
  2 kobolds (D:1)
  3 rats (D:1)
9 creatures vanquished.

Table legend:
 A = Non-vault XP
 B = Vault XP
 C = Vault XP percentage of total XP
 D = Non-vault monster count
 E = Vault monster count
 F = Vault count percentage of total count
                 A         B        C        D         E       F
            +---------+---------+-------+---------+---------+-------
      Total |      13 |       0 |   0.0 |       9 |       0 |   0.0
            +---------+---------+-------+---------+---------+-------
        D:1 |      11 |       0 |   0.0 |       8 |       0 |   0.0
        D:2 |       2 |       0 |   0.0 |       1 |       0 |   0.0
            +---------+---------+-------+---------+---------+-------

Skill      XL: |  1 |
---------------+----+-----
Dodging        | 2 |  2.1
Fighting       | |  1.0
Unarmed Combat | |  2.6
Shapeshifting  | |  2.9

Action                     || total
---------------------------++-------
  Melee: Unarmed           ||    29
 Armour: Animal skin       ||     4
  Dodge: Dodged            ||    19

Illustrated notes

Table legend:
 A = Kills in this place as a percentage of kills in the entire game.
 B = Kills by you in this place as a percentage of kills by you in the entire game.
 C = Kills by friends in this place as a percentage of kills by friends in the entire game.
 D = Other kills in this place as a percentage of other kills in the entire game.
 E = Experience gained in this place as a percentage of experience gained in the entire game.
 F = Experience gained in this place divided by the number of levels of this place that you have seen.
                   A       B       C       D       E      F
               +-------+-------+-------+-------+-------+----------------------
         Total | 100.0 | 100.0 |   N/A |   N/A | 100.0 |   6.5
       Dungeon | 100.0 | 100.0 |   N/A |   N/A | 100.0 |   6.5
               +-------+-------+-------+-------+-------+----------------------

Table legend: (Time is in decaauts)
 A = Elapsed time spent in this place.
 B = Non-inter-level travel time spent in this place.
 C = Inter-level travel time spent in this place.
 D = Time resting spent in this place.
 E = Time spent auto-exploring this place.
 F = Levels seen in this place.
 G = Mean time per level.
                   A        B        C        D        E       F      G
               +--------+--------+--------+--------+--------+-----+--------+
         Total |    411 |    411 |      0 |     12 |    288 |   2 |  205.5 |
       Dungeon |    411 |    411 |      0 |     12 |    288 |   2 |  205.5 |
               +--------+--------+--------+--------+--------+-----+--------+

Top non-repeatable levels by time:
     D:1: 261 daAuts
     D:2: 149 daAuts
